 Seeded DCSS version 0.30-a0-782-ge64f9170bb (webtiles) character file.

Game seed: 20230219 (custom seed)

260 a11behringer the Poker (level 5, 0/47 HPs)
             Began as a Minotaur Berserker on Feb 19, 2023.
             Was a Believer of Trog.
             Succumbed to a gnoll's poison
             ... on level 4 of the Dungeon.
             The game lasted 00:06:06 (2109 turns).

a11behringer the Poker (Minotaur Berserker)         Turns: 2109, Time: 00:06:06

Health: 0/47       AC: 10    Str: 26    XL:     5   Next: 95%
Magic:  13/13      EV: 11    Int:  6    God:    Trog [**....]
Gold:   184        SH:  0    Dex:  9    Spells: 4/4 levels left

rFire   . . .      SeeInvis .    f - +4 spear
rCold   . . .      Faith    .    (no shield)
rNeg    . . .      Spirit   .    u - +5 ring mail of Orthodoxy {rElec MP+9 Str+2 Int+2}
rPois   .          Reflect  .    (helmet restricted)
rElec   +          Harm     .    (no cloak)
rCorr   .          Rampage  .    (no gloves)
Will    ++...                    (no boots) Stlth
                                 (no amulet)
HPRegen 1.27/turn                (no ring)
MPRegen 0.13/turn                (no ring)

@: lethally poisoned (0 -> -3), strong-willed, on berserk cooldown,
regenerating, slowed, very slow
A: horns 2, retaliatory headbutt
a: Renounce Religion, Berserk, Trog's Hand


You were on level 4 of the Dungeon.
You worshipped Trog.
Trog was pleased with you.
You visited 1 branch of the dungeon, and saw 4 of its levels.

You collected 184 gold pieces.

Inventory:

Hand Weapons
 a - a +0 spear
 f - a +4 spear (weapon)
 n - a +0 sling
Armour
 b - a +0 animal skin
 d - a +0 leather armour
 h - a +0 ring mail
 u - the +5 ring mail of Orthodoxy (worn) {rElec MP+9 Str+2 Int+2}
   (You found it on level 2 of the Dungeon)

   Str:       It affects your strength (+2).
   Int:       It affects your intelligence (+2).
   rElec:     It insulates you from electricity.
   MP:        It affects your magic capacity (+9).
Wands
 s - a wand of iceblast (12)
Scrolls
 i - 6 scrolls of teleportation {unknown}
 j - 3 scrolls of identify {unknown}
 l - a scroll of enchant weapon {unknown}
 m - a scroll of enchant armour {unknown}
 q - a scroll of silence {unknown}
 r - 2 scrolls of torment {unknown}
 t - 2 scrolls of fear {unknown}
 v - 2 scrolls of magic mapping {unknown}
Potions
 c - a potion of brilliance {unknown}
 e - 2 potions of attraction {unknown}
 g - 3 potions of flight {unknown}
 k - 2 potions of curing {unknown}
 o - 2 potions of berserk rage {unknown}
 p - 2 potions of heal wounds {unknown}


   Skills:
 + Level 4.8 Fighting
 * Level 5.8 Polearms
 + Level 4.0 Armour
 + Level 3.5 Dodging


You had 4 spell levels left.
You didn't know any spells.
Your spell library was empty.

Dungeon Overview and Level Annotations

Branches:
Dungeon (4/15)
 Temple: D:4-7

Altars:

Shops:
D:1 (   D:3 [


Innate Abilities, Weirdness & Mutations

You have a pair of horns on your head.
You reflexively headbutt those who attack you in melee.


Message History

The gnoll is almost dead.
You feel very sick.
The gnoll hits you with a +0 spear of venom.
* * * LOW HITPOINT WARNING * * *
The gnoll closely misses you.
You closely miss the gnoll.
The gnoll is almost dead.
* * * LOW HITPOINT WARNING * * *
You feel very sick.
You puncture the gnoll!
You kill the gnoll!
Trog accepts your kill.
* * * LOW HITPOINT WARNING * * *
You feel very sick. The gnoll hits you with a +0 flail.
* * * LOW HITPOINT WARNING * * *
You hit the gnoll.
You headbutt the gnoll, but do no damage.
The gnoll is moderately wounded.
* * * LOW HITPOINT WARNING * * *
You feel very sick.
You puncture the gnoll! You headbutt the gnoll.
You kill the gnoll!
Trog accepts your kill.
* * * LOW HITPOINT WARNING * * *
You feel very sick.
The endoplasm jiggles.
* * * LOW HITPOINT WARNING * * *
You feel sick.
There is a stone staircase leading up, spattered with blood here.
Things that are here:
a +0 spear of venom; a gnoll corpse You feel a strong urge to attack something.
* * * LOW HITPOINT WARNING * * *
You feel sick.
You are too berserk!
You are no longer berserk.
You are exhausted.
You feel yourself slow down.
You die...

...# ########.# #..# #.#
#..# #.# #..# #.# #..#
#.# #..# #)# ######..#
#.# ........# ######.#
######.@#########...))..
#...)............##.#
#.#.)..........#.##.#
..=...........####.##.#
####.J#######.# #.##.#
..... #.####.##.# ###.#
#.........# #.
######.#### #. #.#


You could see an endoplasm.

Vanquished Creatures
  An orc priest (D:4)
  Jessica (D:3)
  An iguana (D:3)
  2 orc wizards (D:4)
  3 gnolls (D:4)
  3 adders (D:2)
  2 dart slugs
  3 orcs (D:4)
  A bat (D:3)
  8 endoplasms
  3 giant cockroaches
  7 goblins
  A hobgoblin (D:4)
  4 jackals
  6 kobolds
  4 quokkas
  7 ball pythons
  4 frilled lizards
  10 rats
71 creatures vanquished.

Notes
Turn   | Place    | Note
-------+----------+-------------------------------------------
     0 | D:1      | a11behringer the Minotaur Berserker began the quest for the
                  | Orb.
     0 | D:1      | Reached XP level 1. HP: 19/19 MP: 0/0
   129 | D:1      | Reached XP level 2. HP: 27/27 MP: 1/1
   204 | D:1      | Reached skill level 4 in Polearms
   288 | D:1      | Found Ufun Alo's Antique Weapon Emporium.
   329 | D:1      | Reached XP level 3. HP: 33/33 MP: 2/2
   740 | D:2      | Reached ** piety under Trog
   813 | D:2      | Identified the +5 ring mail of Orthodoxy {rElec MP+9 Str+2
                  | Int+2}
  1129 | D:2      | Reached XP level 4. HP: 40/40 MP: 3/3
  1685 | D:3      | Reached skill level 5 in Polearms
  1793 | D:3      | Noticed Jessica
  1798 | D:3      | Killed Jessica
  1799 | D:3      | Reached XP level 5. HP: 47/47 MP: 4/4
  1851 | D:3      | Found Tiankac's Armour Shoppe.
  2040 | D:4      | Reached *** piety under Trog
  2108 | D:4      | HP: 3/70 [poisoned by a gnoll]
  2109 | D:4      | Succumbed to a gnoll's poison

Illustrated notes

Levels and vault maps discovered:
D:1:      mushboom_english_gardens, layout_loops_ring, serial_shops, shop,
          minmay_nonomino_d4
D:2:      layout_loops_cross
D:3:      layout_rooms, serial_shops, nicolae_shop_hallway_plus, uniq_jessica
D:4:      layout_loops_ring, temple_hall

Skill      XL: |  1  2  3  4  5 |
---------------+----------------+-----
Polearms       | 4 5 |  5.8
Fighting       | 4 |  4.8
Armour         | 3 4 |  4.0
Dodging        | 3 |  3.5

Action                     |  1- 3 |  4- 6 || total
---------------------------+-------+-------++-------
  Melee: Spear             |    82 |    57 ||   139
         Headbutt          |     5 |     4 ||     9
 Invoke: Berserk           |       |     1 ||     1
         Trog's Hand       |       |     1 ||     1
 Armour: Leather armour    |     1 |       ||     1
         Animal skin       |     1 |       ||     1
         Ring mail         |    11 |    12 ||    23
  Dodge: Dodged            |    33 |    11 ||    44

Table legend: (Time is in decaauts)
 A = Elapsed time spent in this place.
 B = Non-inter-level travel time spent in this place.
 C = Inter-level travel time spent in this place.
 D = Time resting spent in this place.
 E = Time spent auto-exploring this place.
 F = Levels seen in this place.
 G = Mean time per level.
                   A        B        C        D        E       F      G
               +--------+--------+--------+--------+--------+-----+--------+
         Total |   2088 |   1937 |    151 |      0 |   1596 |   4 |  522.0 |
       Dungeon |   2088 |   1937 |    151 |      0 |   1596 |   4 |  522.0 |
               +--------+--------+--------+--------+--------+-----+--------+

Top non-repeatable levels by time:
     D:2: 789 daAuts
     D:1: 699 daAuts
     D:3: 499 daAuts
     D:4: 100 daAuts
